| TOP OF THE 1ST |
|
Pulaski Yankees batting - Pitching for Cleveland (APP) Indians : RHP John Bychyk
|
|
Pitching: RHP John Bychyk
|
|
|
Batting: RHB Jim O'Dwyer
|
0-0: Foul Ball, location: 2F 0-1: Ball 1-1: Ground out 4-3 (Groundball, 4, EV 85.6 MPH)
|
|
Batting: RHB Ken Stair
|
0-0: Swinging Strike 0-1: Foul Ball, location: 2F 0-2: SINGLE (Groundball, 6M, EV 79.4 MPH) (infield hit)
|
|
Batting: LHB Troy Jones
|
0-0: Fielders Choice at 2nd, 3-6 (Groundball, 34, EV 82.5 MPH)
|
|
Batting: RHB Victor Garcia
|
0-0: Called Strike 0-1: Foul Ball, location: 2F 0-2: Foul Ball, location: 2F 0-2: Ball 1-2: Ball 2-2: Ground out 1-3 (Groundball, 15, EV 65.6 MPH)
|
| Top of the 1st over - 0 runs, 1 hit, 0 errors, 1 left on base; Pulaski 0 - Cleveland (APP) 0 |
| BOTTOM OF THE 1ST |
|
Cleveland (APP) Indians batting - Pitching for Pulaski Yankees : RHP Toshikazu Miyahara
|
|
Pitching: RHP Toshikazu Miyahara
|
|
|
Batting: RHB Xavier Bartolani
|
0-0: Called Strike 0-1: Ground out 3-1 (Groundball, 34, EV 103.1 MPH)
|
|
Batting: RHB Kevin Trull
|
0-0: Foul Ball, location: 2F 0-1: Ball 1-1: Ground out 1-3 (Groundball, 15S, EV 69.4 MPH)
|
|
Batting: SHB Jack Tierney
|
0-0: Swinging Strike 0-1: Ball 1-1: Foul Ball, location: 2F 1-2: Strikes out swinging
|
| Bottom of the 1st over - 0 runs, 0 hits, 0 errors, 0 left on base; Pulaski 0 - Cleveland (APP) 0 |
| TOP OF THE 2ND |
|
Pulaski Yankees batting - Pitching for Cleveland (APP) Indians : RHP John Bychyk
|
|
Batting: RHB Jonathan Feldstein
|
0-0: Called Strike 0-1: Ball 1-1: Called Strike 1-2: Ball 2-2: Strikes out swinging
|
|
Batting: RHB Bailey Hays
|
0-0: Foul Ball, location: 2F 0-1: Ground out 4-3 (Groundball, 4MD, EV 81.2 MPH)
|
|
Batting: RHB Scott Cuff
|
0-0: Ball 1-0: SINGLE (Groundball, 6D, EV 98.1 MPH)
|
|
Batting: RHB Mustafa bin Gamali
|
0-0: Called Strike 0-1: Ball 1-1: Called Strike 1-2: Ball 2-2: Ball 3-2: SINGLE (Groundball, 6MD, EV 106.2 MPH) Scott Cuff to second Scott Cuff to third
|
|
Batting: RHB Juan Perez
|
0-0: Called Strike 0-1: Ball 1-1: Foul Ball, location: 2F 1-2: Strikes out looking
|
| Top of the 2nd over - 0 runs, 2 hits, 0 errors, 2 left on base; Pulaski 0 - Cleveland (APP) 0 |
| BOTTOM OF THE 2ND |
|
Cleveland (APP) Indians batting - Pitching for Pulaski Yankees : RHP Toshikazu Miyahara
|
|
Batting: RHB Quan Tai
|
0-0: Ball 1-0: Called Strike 1-1: Ball 2-1: Fly out, F3 (Popup, 3F, EV 66.2 MPH)
|
|
Batting: RHB Makoto Narita
|
0-0: Ball 1-0: Ball 2-0: Called Strike 2-1: Called Strike 2-2: Foul Ball, location: 2F 2-2: Ball 3-2: Ground out 6-3 (Groundball, 6D, EV 88.1 MPH)
|
|
Batting: SHB Jay Rook
|
0-0: Ball 1-0: Called Strike 1-1: Ball 2-1: Ball 3-1: Base on Balls
|
|
Batting: LHB Mario Garza
|
0-0: Ball 1-0: Fly out, F8 (Flyball, 8RXD, EV 106.9 MPH)
|
| Bottom of the 2nd over - 0 runs, 0 hits, 0 errors, 1 left on base; Pulaski 0 - Cleveland (APP) 0 |
| TOP OF THE 3RD |
|
Pulaski Yankees batting - Pitching for Cleveland (APP) Indians : RHP John Bychyk
|
|
Batting: RHB Jim O'Dwyer
|
0-0: Ball 1-0: Ball 2-0: Foul Ball, location: 2F 2-1: Fly out, F6 (Popup, 6MD, EV 43.8 MPH)
|
|
Batting: RHB Ken Stair
|
0-0: Ball 1-0: Foul Ball, location: 2F 1-1: Ball 2-1: Foul Ball, location: 2F 2-2: SOLO HOME RUN (Line Drive, 7LD, EV 93.8 MPH), Distance : 360 ft
|
|
Batting: LHB Troy Jones
|
0-0: Fly out, F7 (Flyball, 7LS, EV 87.5 MPH)
|
|
Batting: RHB Victor Garcia
|
0-0: Ball 1-0: Swinging Strike 1-1: Ball 2-1: Fly out, F8 (Flyball, 8RM, EV 85.6 MPH)
|
| Top of the 3rd over - 1 run, 1 hit, 0 errors, 0 left on base; Pulaski 1 - Cleveland (APP) 0 |
| BOTTOM OF THE 3RD |
|
Cleveland (APP) Indians batting - Pitching for Pulaski Yankees : RHP Toshikazu Miyahara
|
|
Batting: RHB Luke Burnham
|
0-0: Ball 1-0: Swinging Strike 1-1: Foul Ball, location: 2F 1-2: Ball 2-2: Ball 3-2: Foul Ball, location: 2F 3-2: Foul Ball, location: 2F 3-2: Fly out, F7 (Flyball, 7, EV 79.4 MPH)
|
|
Batting: SHB Bob Ledlow
|
0-0: Ball 1-0: Foul Ball, location: 2F 1-1: Ball 2-1: Ball 3-1: Called Strike 3-2: Fly out, F6 (Popup, 6M, EV 55.0 MPH)
|
|
Batting: RHB Xavier Bartolani
|
0-0: Foul Ball, location: 2F 0-1: Foul Ball, location: 2F 0-2: Foul Ball, location: 2F 0-2: Ball 1-2: Hit by Pitch
|
|
Batting: RHB Kevin Trull
|
0-0: Swinging Strike 0-1: Swinging Strike 0-2: Foul Ball, location: 2F 0-2: Ball Wild Pitch! Xavier Bartolani to second 1-2: SINGLE (Flyball, 6MD, EV 86.2 MPH) Xavier Bartolani to third Runner from 3rd tries for Home, SAFE, throw by CF to home
|
|
Batting: SHB Jack Tierney
|
0-0: Ball 1-0: Swinging Strike 1-1: Foul Ball, location: 2F 1-2: Ball 2-2: Foul Ball, location: 2F 2-2: DOUBLE (Line Drive, 3D, EV 103.8 MPH) Kevin Trull to third
|
|
Batting: RHB Quan Tai
|
0-0: Foul Ball, location: 2F 0-1: Swinging Strike 0-2: Ball 1-2: Foul Ball, location: 2F 1-2: Ball 2-2: Strikes out swinging
|
| Bottom of the 3rd over - 1 run, 2 hits, 0 errors, 2 left on base; Pulaski 1 - Cleveland (APP) 1 |
| TOP OF THE 4TH |
|
Pulaski Yankees batting - Pitching for Cleveland (APP) Indians : RHP John Bychyk
|
|
Batting: RHB Jonathan Feldstein
|
0-0: Ball 1-0: Called Strike 1-1: Ground out U3 (Groundball, 3, EV 104.4 MPH)
|
|
Batting: RHB Bailey Hays
|
0-0: Ball 1-0: Ball 2-0: SOLO HOME RUN (Flyball, 9D, EV 108.8 MPH), Distance : 399 ft
|
|
Batting: RHB Scott Cuff
|
0-0: Called Strike 0-1: Ball 1-1: Foul Ball, location: 2F 1-2: Strikes out swinging
|
|
Batting: RHB Mustafa bin Gamali
|
0-0: Foul Ball, location: 2F 0-1: DOUBLE (Line Drive, 89D, EV 106.9 MPH)
|
|
Batting: RHB Juan Perez
|
0-0: Ball 1-0: Foul Ball, location: 2F 1-1: Called Strike 1-2: Ball 2-2: Foul Ball, location: 2F 2-2: Ball 3-2: Foul Ball, location: 2F 3-2: Strikes out looking
|
| Top of the 4th over - 1 run, 2 hits, 0 errors, 1 left on base; Pulaski 2 - Cleveland (APP) 1 |
| BOTTOM OF THE 4TH |
|
Cleveland (APP) Indians batting - Pitching for Pulaski Yankees : RHP Toshikazu Miyahara
|
|
Batting: RHB Makoto Narita
|
0-0: Foul Ball, location: 2F 0-1: Called Strike 0-2: Ball 1-2: Ball 2-2: Foul Ball, location: 2F 2-2: Foul Ball, location: 2F 2-2: Fly out, F8 (Flyball, 8RS, EV 85.6 MPH)
|
|
Batting: SHB Jay Rook
|
0-0: Foul Ball, location: 2F 0-1: Ball 1-1: Ball 2-1: Called Strike 2-2: Ball 3-2: Foul Ball, location: 2F 3-2: Foul Ball, location: 2F 3-2: SINGLE (Flyball, 4D, EV 83.8 MPH)
|
|
Batting: LHB Mario Garza
|
0-0: Ball 1-0: Fly out, F9 (Line Drive, 9S, EV 91.9 MPH)
|
|
Batting: RHB Luke Burnham
|
0-0: Called Strike 0-1: Ground out 6-3 (Groundball, 6MD, EV 101.9 MPH)
|
| Bottom of the 4th over - 0 runs, 1 hit, 0 errors, 1 left on base; Pulaski 2 - Cleveland (APP) 1 |
| TOP OF THE 5TH |
|
Pulaski Yankees batting - Pitching for Cleveland (APP) Indians : RHP John Bychyk
|
|
Batting: RHB Jim O'Dwyer
|
0-0: Called Strike 0-1: Ball 1-1: Ball 2-1: Ball 3-1: Called Strike 3-2: Base on Balls
|
|
Batting: RHB Ken Stair
|
0-0: Called Strike 0-1: Foul Ball, location: 2F 0-2: SINGLE (Groundball, 4D, EV 96.9 MPH) Jim O'Dwyer to second Runner from 2nd tries for 3rd, SAFE, throw by RF made to third
|
|
Batting: LHB Troy Jones
|
0-0: Ball 1-0: Ball 2-0: Ball 3-0: Base on Balls Ken Stair to second
|
|
Batting: RHB Victor Garcia
|
0-0: Grounds into fielders choice U2 (Groundball, 2R, EV 63.8 MPH) Ken Stair to third Troy Jones to second
|
|
Pitching: RHP Conrado Cristina
|
|
|
Batting: RHB Jonathan Feldstein
|
0-0: Called Strike 0-1: Ball 1-1: Foul Ball, location: 2F 1-2: Grounds into double play, 4-6-3 (Groundball, 4, EV 81.9 MPH)
|
| Top of the 5th over - 0 runs, 1 hit, 0 errors, 2 left on base; Pulaski 2 - Cleveland (APP) 1 |
| BOTTOM OF THE 5TH |
|
Cleveland (APP) Indians batting - Pitching for Pulaski Yankees : RHP Toshikazu Miyahara
|
|
Batting: SHB Bob Ledlow
|
0-0: Swinging Strike 0-1: Ball 1-1: Swinging Strike 1-2: Hit by Pitch
|
|
Batting: RHB Xavier Bartolani
|
0-0: Ball Wild Pitch! Bob Ledlow to second 1-0: Called Strike 1-1: Foul Ball, location: 2F 1-2: Strikes out looking
|
|
Batting: RHB Kevin Trull
|
0-0: Foul Ball, location: 2F 0-1: 2-RUN HOME RUN (Flyball, 9D, EV 96.9 MPH), Distance : 393 ft
|
|
Batting: SHB Jack Tierney
|
0-0: Ball 1-0: Swinging Strike 1-1: Ball 2-1: Ball 3-1: Base on Balls
|
|
Batting: RHB Quan Tai
|
0-0: Ball Jack Tierney is caught stealing 2nd base 2-4 1-0: Ball 2-0: Called Strike 2-1: Ball 3-1: Base on Balls
|
|
Batting: RHB Makoto Narita
|
0-0: Ball 1-0: Called Strike 1-1: Ball 2-1: Foul Ball, location: 2F 2-2: Foul Ball, location: 2F 2-2: SINGLE (Groundball, 56D, EV 106.2 MPH) Quan Tai to second
|
|
Pitching: LHP Jordan Medina
|
|
|
Batting: SHB Jay Rook
|
0-0: Ball 1-0: Swinging Strike 1-1: Ball Quan Tai is caught stealing 3rd base 2-5
|
| Bottom of the 5th over - 2 runs, 2 hits, 0 errors, 1 left on base; Pulaski 2 - Cleveland (APP) 3 |
| TOP OF THE 6TH |
|
Pulaski Yankees batting - Pitching for Cleveland (APP) Indians : RHP Conrado Cristina
|
|
Pinch Hitting: LHB Chris Viehman
|
0-0: Ball 1-0: Foul Ball, location: 2F 1-1: Ball 2-1: Swinging Strike 2-2: Strikes out swinging
|
|
Pinch Hitting: RHB Paul Ngumi
|
0-0: Foul Ball, location: 2F 0-1: Foul Ball, location: 2F 0-2: Ball 1-2: Foul Ball, location: 2F 1-2: Ball 2-2: Foul Ball, location: 2F 2-2: Ground out 6-3 (Groundball, 6D, EV 92.5 MPH)
|
|
Batting: RHB Mustafa bin Gamali
|
0-0: Ball 1-0: Ground out 1-3 (Groundball, 13, EV 66.9 MPH)
|
| Top of the 6th over - 0 runs, 0 hits, 0 errors, 0 left on base; Pulaski 2 - Cleveland (APP) 3 |
| BOTTOM OF THE 6TH |
|
Cleveland (APP) Indians batting - Pitching for Pulaski Yankees : LHP Jordan Medina
|
|
Now in LF: Chris Viehman
|
|
|
Now in RF: Paul Ngumi
|
|
|
Batting: SHB Jay Rook
|
0-0: Called Strike 0-1: Ball 1-1: SINGLE (Flyball, 56D, EV 91.9 MPH)
|
|
Batting: LHB Mario Garza
|
0-0: 2-RUN HOME RUN (Line Drive, 7LD, EV 89.4 MPH), Distance : 341 ft
|
|
Batting: RHB Luke Burnham
|
0-0: Swinging Strike 0-1: Ball 1-1: Ball 2-1: Swinging Strike 2-2: Strikes out swinging
|
|
Batting: SHB Bob Ledlow
|
0-0: Foul Ball, location: 2F 0-1: Foul Ball, location: 2F 0-2: Ball 1-2: Strikes out swinging
|
|
Batting: RHB Xavier Bartolani
|
0-0: Ball 1-0: Foul Ball, location: 2F 1-1: Ground out 4-3 (Groundball, 4S, EV 67.5 MPH)
|
| Bottom of the 6th over - 2 runs, 2 hits, 0 errors, 0 left on base; Pulaski 2 - Cleveland (APP) 5 |
| TOP OF THE 7TH |
|
Pulaski Yankees batting - Pitching for Cleveland (APP) Indians : RHP Conrado Cristina
|
|
Now at 1B: Luis de Leon
|
|
|
Now at 2B: Russ Kennett
|
|
|
Now at 3B: Luke Burnham
|
|
|
Pinch Hitting: RHB Yasuoka Tsuda
|
0-0: Ground out 3-1 (Groundball, 34S, EV 82.5 MPH)
|
|
Batting: RHB Jim O'Dwyer
|
0-0: Called Strike 0-1: Swinging Strike 0-2: Foul Ball, location: 2F 0-2: Strikes out looking
|
|
Batting: RHB Ken Stair
|
0-0: Ball 1-0: Ball 2-0: Ball 3-0: Base on Balls
|
|
Pitching: LHP David Ayala
|
|
|
Batting: LHB Troy Jones
|
0-0: Ball 1-0: Swinging Strike 1-1: Foul Ball, location: 2F 1-2: Strikes out looking
|
| Top of the 7th over - 0 runs, 0 hits, 0 errors, 1 left on base; Pulaski 2 - Cleveland (APP) 5 |
| BOTTOM OF THE 7TH |
|
Cleveland (APP) Indians batting - Pitching for Pulaski Yankees : LHP Jordan Medina
|
|
Now at 2B: Edwin Sierra
|
|
|
Batting: RHB Russ Kennett
|
0-0: Ball 1-0: Foul Ball, location: 2F 1-1: SINGLE (Line Drive, 9S, EV 92.5 MPH)
|
|
Batting: SHB Jack Tierney
|
0-0: Ball 1-0: Ball Wild Pitch! Russ Kennett to second 2-0: Ball 3-0: Base on Balls
|
|
Batting: RHB Quan Tai
|
0-0: Fly out, F8 (Line Drive, 8RM, EV 90.6 MPH)
|
|
Batting: RHB Makoto Narita
|
0-0: Foul Ball, location: 2F 0-1: Swinging Strike 0-2: Ball 1-2: Ball 2-2: Foul Ball, location: 2F 2-2: Ball 3-2: Base on Balls Russ Kennett to third Jack Tierney to second
|
|
Pitching: RHP Chris Bryant
|
|
|
Batting: SHB Jay Rook
|
0-0: Ball 1-0: Called Strike 1-1: Called Strike 1-2: Foul Ball, location: 2F 1-2: Strikes out swinging
|
|
Batting: LHB Mario Garza
|
0-0: Ball 1-0: Foul Ball, location: 2F 1-1: Ball 2-1: Foul Ball, location: 2F 2-2: Ball 3-2: Foul Ball, location: 2F 3-2: Strikes out swinging
|
| Bottom of the 7th over - 0 runs, 1 hit, 0 errors, 3 left on base; Pulaski 2 - Cleveland (APP) 5 |
| TOP OF THE 8TH |
|
Pulaski Yankees batting - Pitching for Cleveland (APP) Indians : LHP David Ayala
|
|
Pitching: RHP Phil Kessler
|
|
|
Batting: RHB Victor Garcia
|
0-0: Foul Ball, location: 2F 0-1: Ball 1-1: Ball 2-1: Fly out, F9 (Flyball, BS7, EV 106.9 MPH)
|
|
Pinch Hitting: LHB Victor Reyna
|
0-0: Foul Ball, location: 2F 0-1: Ground out 6-3 (Groundball, 6, EV 88.1 MPH)
|
|
Batting: LHB Chris Viehman
|
0-0: Called Strike 0-1: Foul Ball, location: 2F 0-2: Ball 1-2: Strikes out swinging
|
| Top of the 8th over - 0 runs, 0 hits, 0 errors, 0 left on base; Pulaski 2 - Cleveland (APP) 5 |
| BOTTOM OF THE 8TH |
|
Cleveland (APP) Indians batting - Pitching for Pulaski Yankees : RHP Chris Bryant
|
|
Now at 2B: Paul Ngumi
|
|
|
Now at 3B: Edwin Sierra
|
|
|
Now in RF: Victor Reyna
|
|
|
Batting: RHB Luke Burnham
|
0-0: Called Strike 0-1: Ball 1-1: Ball 2-1: SINGLE (Groundball, 34D, EV 98.8 MPH)
|
|
Batting: SHB Luis de Leon
|
0-0: Ball 1-0: Called Strike 1-1: Foul Ball, location: 2F 1-2: Fly out, F7 (Flyball, 7LM, EV 103.1 MPH)
|
|
Batting: RHB Xavier Bartolani
|
0-0: Ball 1-0: DOUBLE (Line Drive, 9LM, EV 106.2 MPH) Luke Burnham to third
|
|
Batting: RHB Russ Kennett
|
0-0: Called Strike 0-1: Fly out, F8 (Flyball, 78D, EV 91.2 MPH)
|
|
Batting: SHB Jack Tierney
|
0-0: Foul Ball, location: 2F 0-1: Ground out 4-3 (Groundball, 4M, EV 88.8 MPH)
|
| Bottom of the 8th over - 0 runs, 2 hits, 0 errors, 2 left on base; Pulaski 2 - Cleveland (APP) 5 |
| TOP OF THE 9TH |
|
Pulaski Yankees batting - Pitching for Cleveland (APP) Indians : RHP Phil Kessler
|
|
Pitching: RHP Chris Gomez
|
|
|
Batting: RHB Paul Ngumi
|
0-0: Ball 1-0: Ball 2-0: Called Strike 2-1: Foul Ball, location: 2F 2-2: SINGLE (Groundball, 6D, EV 101.9 MPH)
|
|
Pinch Hitting: LHB Dave Ortiz
|
0-0: Ball 1-0: Foul Ball, location: 2F 1-1: SINGLE (Flyball, 8LS, EV 90.0 MPH) Paul Ngumi to second
|
|
Pinch Hitting: SHB Dylan Best
|
0-0: Ball Wild Pitch! Paul Ngumi to third Dave Ortiz to second 1-0: Fly out, F7 (Flyball, 7S, EV 83.8 MPH)
|
|
Batting: RHB Jim O'Dwyer
|
0-0: Ground out 5-3 (Groundball, 5, EV 83.8 MPH)
|
|
Batting: RHB Ken Stair
|
0-0: Ball 1-0: Foul Ball, location: 2F 1-1: Called Strike 1-2: Ball 2-2: Foul Ball, location: 2F 2-2: Foul Ball, location: 2F 2-2: Fly out, F9 (Flyball, 89S, EV 83.1 MPH)
|
| Top of the 9th over - 0 runs, 2 hits, 0 errors, 2 left on base; Pulaski 2 - Cleveland (APP) 5 |
|